PBL
HOUSTON ASTROS @ OAKLAND ATHLETICS
04/20/2071
 
TOP OF THE 1ST
Houston Astros batting - Pitching for Oakland Athletics : RHP Michael Walker
Pitching: RHP Michael Walker
Batting: RHB Sukenobu Taneda 0-0: Foul Ball, location: 5F
0-1: Ball
1-1: Swinging Strike
1-2: Strikes out swinging, 2-3 out at first.
Batting: LHB Emiel Vonhof 0-0: Ball
1-0: Foul Ball, location: 7LSF
1-1: Ball
2-1: Ball
3-1: Fly out, F8 (Flyball, 8LM, EV 81.3 MPH)
Batting: RHB Jin Daikawa 0-0: Ball
1-0: Foul Ball, location: 3F
1-1: Called Strike
1-2: Ball
2-2: Ball
3-2: Fly out, F9 (Flyball, 9, EV 78.8 MPH)
Top of the 1st over - 0 runs, 0 hits, 0 errors, 0 left on base; Houston 0 - Oakland 0
BOTTOM OF THE 1ST
Oakland Athletics batting - Pitching for Houston Astros : LHP Ron Reith
Pitching: LHP Ron Reith
Batting: RHB Jorge Ibarra 0-0: Ball
1-0: Ball
2-0: Ball
3-0: Called Strike
3-1: Foul Ball, location: 7LSF
3-2: SINGLE (Line Drive, 78M, EV 93.1 MPH)
Batting: RHB Ed Burch 0-0: Ball
1-0: Called Strike
1-1: Fly out, F2 (Popup, 3SF, EV 75.0 MPH)
Batting: LHB Félix Castillo 0-0: Called Strike
0-1: Ball
1-1: Ball
2-1: Swinging Strike
2-2: Ball
3-2: Strikes out swinging
Batting: RHB Roberto Morán 0-0: Ball
1-0: Ball
2-0: Ball
Wild Pitch!
Jorge Ibarra to second
3-0: Called Strike
3-1: Base on Balls
Batting: LHB Pablo Gonzáles 0-0: Ball
1-0: Ball
2-0: Fly out, F9 (Line Drive, 9S, EV 106.3 MPH)
Bottom of the 1st over - 0 runs, 1 hit, 0 errors, 2 left on base; Houston 0 - Oakland 0
TOP OF THE 2ND
Houston Astros batting - Pitching for Oakland Athletics : RHP Michael Walker
Batting: LHB Trevor Burt 0-0: Ball
1-0: Ball
2-0: Called Strike
2-1: Foul Ball, location: 7LSFF
2-2: Foul Ball, location: 23F
2-2: Strikes out swinging
Batting: LHB Cal Dascenzo 0-0: Ball
1-0: Ball
2-0: Ball
3-0: Hit by Pitch
Batting: RHB Mike Hall 0-0: Ball
1-0: Foul Ball, location: 2F
1-1: Foul Ball, location: 2F
1-2: Ball
2-2: Foul Ball, location: 5SF
2-2: Foul Ball, location: 9LDF
2-2: Strikes out looking
Batting: RHB Arturo Becerra 0-0: Ball
1-0: Ball
2-0: Ground out 4-3 (Groundball, 34, EV 76.3 MPH)
Top of the 2nd over - 0 runs, 0 hits, 0 errors, 1 left on base; Houston 0 - Oakland 0
BOTTOM OF THE 2ND
Oakland Athletics batting - Pitching for Houston Astros : LHP Ron Reith
Batting: LHB Roger McElroy 0-0: Called Strike
0-1: Swinging Strike
0-2: Ball
1-2: Foul Ball, location: 2F
1-2: SINGLE (Line Drive, 6D, EV 95.6 MPH)
Batting: LHB José Pelingo 0-0: Ball
1-0: Foul Ball, location: 7LDF
1-1: SINGLE (Line Drive, 3D, EV 94.4 MPH)
Roger McElroy to second
Runner from 2nd tries for 3rd, SAFE, no throw by RF
Batting: RHB Clarence Jones 0-0: Ball
1-0: Called Strike
1-1: SINGLE (Line Drive, 8LS, EV 100.6 MPH)
Roger McElroy scores
José Pelingo to second
Batting: RHB Calvin Baird 0-0: Ball
1-0: Called Strike
1-1: Ground out 5-3 (Groundball, 56S, EV 73.1 MPH)
José Pelingo to third
Clarence Jones to second
Batting: RHB Jorge Ibarra 0-0: Called Strike
0-1: Ball
1-1: DOUBLE (Flyball, 89D, EV 95.6 MPH)
José Pelingo scores
Clarence Jones scores
Batting: RHB Ed Burch 0-0: Ground out 6-3 (Groundball, 6, EV 83.8 MPH)
Jorge Ibarra to third
Batting: LHB Félix Castillo 0-0: Ball
1-0: Foul Ball, location: 2F
1-1: Foul Ball, location: 9LDF
1-2: Ball
2-2: Ball
3-2: Foul Ball, location: 7LDF
3-2: SINGLE (Groundball, 34D, EV 94.4 MPH)
Jorge Ibarra scores
Batting: RHB Roberto Morán 0-0: Ball
1-0: Ground out U3 (Groundball, 3S, EV 77.5 MPH)
Bottom of the 2nd over - 4 runs, 5 hits, 0 errors, 1 left on base; Houston 0 - Oakland 4
TOP OF THE 3RD
Houston Astros batting - Pitching for Oakland Athletics : RHP Michael Walker
Batting: RHB Tony Barrosa 0-0: Foul Ball, location: 9LMF
0-1: Swinging Strike
0-2: Foul Ball, location: 9LDF
0-2: Strikes out swinging
Batting: LHB Carlos Garza 0-0: Swinging Strike
0-1: Ball
1-1: SINGLE (Groundball, 34D, EV 97.5 MPH)
Batting: RHB Sukenobu Taneda 0-0: Called Strike
0-1: Fly out, F9 (Line Drive, 9S, EV 101.3 MPH)
Batting: LHB Emiel Vonhof 0-0: SINGLE (Groundball, 6S, EV 65.0 MPH) (infield hit)
Carlos Garza to second
Batting: RHB Jin Daikawa 0-0: Foul Ball, location: 7LDF
0-1: Ball
1-1: Swinging Strike
1-2: Strikes out swinging
Top of the 3rd over - 0 runs, 2 hits, 0 errors, 2 left on base; Houston 0 - Oakland 4
BOTTOM OF THE 3RD
Oakland Athletics batting - Pitching for Houston Astros : LHP Ron Reith
Batting: LHB Pablo Gonzáles 0-0: Ground out 6-3 (Groundball, 6M, EV 103.8 MPH)
Batting: LHB Roger McElroy 0-0: Ball
1-0: Foul Ball, location: 25F
1-1: Foul Ball, location: 2F
1-2: Strikes out swinging
Batting: LHB José Pelingo 0-0: Called Strike
0-1: Called Strike
0-2: Strikes out swinging
Bottom of the 3rd over - 0 runs, 0 hits, 0 errors, 0 left on base; Houston 0 - Oakland 4
TOP OF THE 4TH
Houston Astros batting - Pitching for Oakland Athletics : RHP Michael Walker
Batting: LHB Trevor Burt 0-0: Called Strike
0-1: Called Strike
0-2: Ball
1-2: Foul Ball, location: 7LSF
1-2: Foul Ball, location: 2F
1-2: Strikes out swinging
Batting: LHB Cal Dascenzo 0-0: Called Strike
0-1: Swinging Strike
0-2: Ball
1-2: Strikes out looking
Batting: RHB Mike Hall 0-0: Ball
1-0: Ball
2-0: Ground out 6-3 (Groundball, 6, EV 105.0 MPH)
Top of the 4th over - 0 runs, 0 hits, 0 errors, 0 left on base; Houston 0 - Oakland 4
BOTTOM OF THE 4TH
Oakland Athletics batting - Pitching for Houston Astros : LHP Ron Reith
Batting: RHB Clarence Jones 0-0: Ball
1-0: Foul Ball, location: 9LDF
1-1: Ball
2-1: SINGLE (Line Drive, 56D, EV 96.3 MPH)
Batting: RHB Calvin Baird 0-0: Grounds into double play, 5-4-3 (Groundball, 56, EV 82.5 MPH)
Batting: RHB Jorge Ibarra 0-0: Ball
1-0: Foul Ball, location: 2F
1-1: Foul Ball, location: 2F
1-2: SINGLE (Groundball, 4MD, EV 103.8 MPH)
Batting: RHB Ed Burch 0-0: Called Strike
0-1: Fly out, F7 (Flyball, 7LM, EV 95.0 MPH)
Bottom of the 4th over - 0 runs, 2 hits, 0 errors, 1 left on base; Houston 0 - Oakland 4
TOP OF THE 5TH
Houston Astros batting - Pitching for Oakland Athletics : RHP Michael Walker
Batting: RHB Arturo Becerra 0-0: Ball
1-0: Reached on error, E6 (Groundball, 6, EV 85.0 MPH)
Batting: RHB Tony Barrosa 0-0: Swinging Strike
0-1: Called Strike
0-2: Foul Ball, location: 25F
0-2: Foul Ball, location: 9LMFF
0-2: Strikes out looking
Batting: LHB Carlos Garza 0-0: Ball
1-0: Called Strike
1-1: Ball
2-1: Ball
3-1: Called Strike
3-2: Foul Ball, location: 2F
3-2: Strikes out swinging
Arturo Becerra steals 2nd base
Batter strikes out.
Batting: RHB Sukenobu Taneda 0-0: Foul Ball, location: 9LMF
0-1: Foul Ball, location: 23FF
0-2: Foul Ball, location: 3F
0-2: Foul Ball, location: 2LF
0-2: Foul Ball, location: 2F
0-2: Ball
1-2: SINGLE (Groundball, 6S, EV 73.1 MPH) (infield hit)
Arturo Becerra to third
Batting: LHB Emiel Vonhof 0-0: Swinging Strike
0-1: Fly out, F8 (Flyball, 78M, EV 99.4 MPH)
Top of the 5th over - 0 runs, 1 hit, 1 error, 2 left on base; Houston 0 - Oakland 4
BOTTOM OF THE 5TH
Oakland Athletics batting - Pitching for Houston Astros : LHP Ron Reith
Batting: LHB Félix Castillo 0-0: Ground out 4-3 (Groundball, 4, EV 81.3 MPH)
Batting: RHB Roberto Morán 0-0: Called Strike
0-1: Foul Ball, location: 2F
0-2: Ball
1-2: Foul Ball, location: 2F
1-2: Foul Ball, location: 5FF
1-2: Strikes out swinging
Batting: LHB Pablo Gonzáles 0-0: Swinging Strike
0-1: Called Strike
0-2: Foul Ball, location: 2F
0-2: Foul Ball, location: 2LF
0-2: Foul Ball, location: 25F
0-2: Ball
1-2: Ball
2-2: SINGLE (Line Drive, 78M, EV 102.5 MPH)
Batting: LHB Roger McElroy 0-0: Ball
1-0: Called Strike
1-1: Called Strike
Pablo Gonzáles is caught stealing 2nd base 2-6
Bottom of the 5th over - 0 runs, 1 hit, 0 errors, 0 left on base; Houston 0 - Oakland 4
TOP OF THE 6TH
Houston Astros batting - Pitching for Oakland Athletics : RHP Michael Walker
Batting: RHB Jin Daikawa 0-0: Called Strike
0-1: Ball
1-1: Ball
2-1: SINGLE (Line Drive, 8RS, EV 93.8 MPH)
Batting: LHB Trevor Burt 0-0: Swinging Strike
0-1: Ball
1-1: 2-RUN HOME RUN (Flyball, 8RXD, EV 108.1 MPH), Distance : 421 ft
Batting: LHB Cal Dascenzo 0-0: Ball
1-0: Called Strike
1-1: Ball
2-1: Foul Ball, location: 7LDF
2-2: Strikes out looking
Batting: RHB Mike Hall 0-0: Called Strike
0-1: Called Strike
0-2: DOUBLE (Flyball, 8LXD, EV 99.4 MPH)
Pitching: RHP Ignacio Salazar
Batting: RHB Arturo Becerra 0-0: Foul Ball, location: 9LMF
0-1: Called Strike
0-2: Strikes out swinging
Batting: RHB Tony Barrosa 0-0: Ball
1-0: Ball
2-0: Ball
3-0: Called Strike
3-1: Base on Balls
Batting: LHB Carlos Garza 0-0: Foul Ball, location: 2F
0-1: Swinging Strike
0-2: Ball
1-2: Ball
2-2: Ball
3-2: Foul Ball, location: 5SF
3-2: Foul Ball, location: 9LMF
3-2: Fly out, F8 (Flyball, 78D, EV 103.8 MPH)
Top of the 6th over - 2 runs, 3 hits, 0 errors, 2 left on base; Houston 2 - Oakland 4
BOTTOM OF THE 6TH
Oakland Athletics batting - Pitching for Houston Astros : LHP Ron Reith
Batting: LHB Roger McElroy 0-0: Called Strike
0-1: Fly out, F8 (Flyball, 8RM, EV 99.4 MPH)
Batting: LHB José Pelingo 0-0: Called Strike
0-1: Ball
1-1: Foul Ball, location: 3F
1-2: Ball
2-2: Strikes out swinging
Batting: RHB Clarence Jones 0-0: Ball
1-0: Swinging Strike
1-1: Foul Ball, location: 2RF
1-2: Strikes out looking
Bottom of the 6th over - 0 runs, 0 hits, 0 errors, 0 left on base; Houston 2 - Oakland 4
TOP OF THE 7TH
Houston Astros batting - Pitching for Oakland Athletics : RHP Ignacio Salazar
Batting: RHB Sukenobu Taneda 0-0: Foul Ball, location: 9LSF
0-1: Ball
1-1: Called Strike
1-2: Foul Ball, location: 2F
1-2: Ball
2-2: Strikes out swinging
Batting: LHB Emiel Vonhof 0-0: Ball
1-0: Fly out, F9 (Flyball, 9LM, EV 105.6 MPH)
Batting: RHB Jin Daikawa 0-0: Ball
1-0: Ball
2-0: Called Strike
2-1: Foul Ball, location: 5F
2-2: Ball
3-2: Base on Balls
Batting: LHB Trevor Burt 0-0: Ball
1-0: Ball
2-0: Ball
3-0: DOUBLE (Flyball, 89D, EV 106.9 MPH)
Jin Daikawa to third
Pitching: RHP Kevin Spears
Batting: LHB Cal Dascenzo 0-0: Ground out 2-3 (Groundball, 13S, EV 70.0 MPH)
Top of the 7th over - 0 runs, 1 hit, 0 errors, 2 left on base; Houston 2 - Oakland 4
BOTTOM OF THE 7TH
Oakland Athletics batting - Pitching for Houston Astros : LHP Ron Reith
Pitching: RHP Cecil Pearce
Batting: RHB Calvin Baird 0-0: Called Strike
0-1: Swinging Strike
0-2: Ball
1-2: Strikes out swinging
Batting: RHB Jorge Ibarra 0-0: Ground out 6-3 (Groundball, 56, EV 101.9 MPH)
Batting: RHB Ed Burch 0-0: Ball
1-0: Fly out, F9 (Flyball, 9S, EV 76.3 MPH)
Bottom of the 7th over - 0 runs, 0 hits, 0 errors, 0 left on base; Houston 2 - Oakland 4
TOP OF THE 8TH
Houston Astros batting - Pitching for Oakland Athletics : RHP Kevin Spears
Batting: RHB Mike Hall 0-0: Ball
1-0: Swinging Strike
1-1: Ball
2-1: Ball
3-1: Foul Ball, location: 2F
3-2: Base on Balls
Batting: RHB Arturo Becerra 0-0: Called Strike
0-1: Called Strike
0-2: Ball
1-2: Ball
2-2: Ball
3-2: Foul Ball, location: 2LF
3-2: Foul Ball, location: 7LMFF
3-2: Strikes out swinging
Pinch Hitting: SHB Shunji Kanno 0-0: Ball
1-0: Ball
2-0: Ball
3-0: Base on Balls
Mike Hall to second
Batting: LHB Carlos Garza 0-0: Ball
1-0: Ball
2-0: Ball
3-0: Called Strike
3-1: Called Strike
3-2: Strikes out swinging
Batting: RHB Sukenobu Taneda 0-0: Called Strike
0-1: Foul Ball, location: 9LDF
0-2: Ball
1-2: Ball
2-2: Foul Ball, location: 5FF
2-2: Strikes out swinging
Top of the 8th over - 0 runs, 0 hits, 0 errors, 2 left on base; Houston 2 - Oakland 4
BOTTOM OF THE 8TH
Oakland Athletics batting - Pitching for Houston Astros : RHP Cecil Pearce
Now in CF: Roberto Beltrán
Batting: LHB Félix Castillo 0-0: Foul Ball, location: 23F
0-1: Ball
1-1: Ball
2-1: Foul Ball, location: 7LDF
2-2: Strikes out swinging
Batting: RHB Roberto Morán 0-0: Ball
1-0: Ball
2-0: Called Strike
2-1: SINGLE (Line Drive, 7S, EV 91.3 MPH)
Batting: LHB Pablo Gonzáles 0-0: Ball
1-0: SINGLE (Line Drive, 8RS, EV 100.6 MPH)
Roberto Morán to second
Batting: LHB Roger McElroy 0-0: Swinging Strike
0-1: Ball
1-1: Fly out, F9 (Flyball, 9, EV 88.8 MPH)
Batting: LHB José Pelingo 0-0: Ball
Wild Pitch!
Roberto Morán to third
Pablo Gonzáles to second
1-0: Ball
2-0: Called Strike
2-1: Ball
3-1: Foul Ball, location: 7LMFF
3-2: Strikes out looking
Bottom of the 8th over - 0 runs, 2 hits, 0 errors, 2 left on base; Houston 2 - Oakland 4
TOP OF THE 9TH
Houston Astros batting - Pitching for Oakland Athletics : RHP Kevin Spears
Pitching: LHP Dick Anderson
Batting: LHB Emiel Vonhof 0-0: Called Strike
0-1: Swinging Strike
0-2: Strikes out swinging, 2-3 out at first.
Batting: RHB Jin Daikawa 0-0: Called Strike
0-1: Ball
1-1: Foul Ball, location: 7LMFF
1-2: Fly out, F7 (Flyball, 7S, EV 88.8 MPH)
Batting: LHB Trevor Burt 0-0: Foul Ball, location: 9LMFF
0-1: Foul Ball, location: 2LF
0-2: Foul Ball, location: 7LDF
0-2: Strikes out swinging
Top of the 9th over - 0 runs, 0 hits, 0 errors, 0 left on base; Houston 2 - Oakland 4
Wednesday, April 10th , 2024 - OOTP Baseball 24.10 Build 82